PBL
AMARILLO THUNDERHEADS @ TIJUANA TOROS
09/14/2044
 
TOP OF THE 1ST
Amarillo ThunderHeads batting - Pitching for Tijuana Toros : RHP Andrew Telles
Pitching: RHP Andrew Telles
Batting: SHB Tim Rogers 0-0: Called Strike
0-1: Swinging Strike
0-2: Ball
1-2: SINGLE (Groundball, 6MD, EV 100.0 MPH)
Batting: SHB Zack Barton 0-0: Ball
1-0: Grounds into double play, 5-4-3 (Groundball, 5, EV 107.5 MPH)
Batting: RHB Nick Solberg 0-0: Ball
1-0: Ball
2-0: Foul Ball, location: 2F
2-1: Foul Ball, location: 2F
2-2: Foul Ball, location: 2F
2-2: Ground out 6-3 (Groundball, 6M, EV 90.0 MPH)
Top of the 1st over - 0 runs, 1 hit, 0 errors, 0 left on base; Amarillo 0 - Tijuana 0
BOTTOM OF THE 1ST
Tijuana Toros batting - Pitching for Amarillo ThunderHeads : RHP Ferdi Schipper
Pitching: RHP Ferdi Schipper
Batting: RHB Theo Schepers 0-0: Foul Ball, location: 2F
0-1: Bunt for hit to 2R - play at first, batter safe!
Batting: LHB Steve Pond 0-0: Ball
Theo Schepers is caught stealing 2nd base 2-6
1-0: Swinging Strike
1-1: Swinging Strike
1-2: Foul Ball, location: 2F
1-2: Ball
2-2: Ball
3-2: Strikes out swinging, 2-3 out at first.
Batting: RHB Chad Rojas 0-0: Called Strike
0-1: Swinging Strike
0-2: Ball
1-2: Fly out, F9 (Flyball, 89D, EV 103.1 MPH)
Bottom of the 1st over - 0 runs, 1 hit, 0 errors, 0 left on base; Amarillo 0 - Tijuana 0
TOP OF THE 2ND
Amarillo ThunderHeads batting - Pitching for Tijuana Toros : RHP Andrew Telles
Batting: RHB Salvatore Zamora 0-0: Foul Ball, location: 2F
0-1: Fly out, F9 (Flyball, 9D, EV 105.6 MPH)
Batting: RHB Luis Reyna 0-0: Ball
1-0: Ball
2-0: Ground out 4-3 (Groundball, 34, EV 104.4 MPH)
Batting: RHB Sal Cervantes 0-0: Ball
1-0: Ball
2-0: Swinging Strike
2-1: SINGLE (Groundball, 56D, EV 100.6 MPH) (infield hit)
Batting: RHB Luis Solorzano 0-0: Ball
Wild Pitch!
Sal Cervantes to second
1-0: Swinging Strike
1-1: Ball
2-1: Ball
3-1: Ground out 5-3 (Groundball, 56, EV 83.8 MPH)
Top of the 2nd over - 0 runs, 1 hit, 0 errors, 1 left on base; Amarillo 0 - Tijuana 0
BOTTOM OF THE 2ND
Tijuana Toros batting - Pitching for Amarillo ThunderHeads : RHP Ferdi Schipper
Batting: LHB Nate Kee 0-0: Called Strike
0-1: Called Strike
0-2: Ball
1-2: Foul Ball, location: 2F
1-2: Strikes out swinging
Batting: RHB Pat Adams 0-0: DOUBLE (Flyball, 78D, EV 98.8 MPH)
Batting: RHB David Watkins 0-0: Ball
Passed Ball!
Pat Adams to third
1-0: Called Strike
1-1: Ball
2-1: Ground out 5-3 (Groundball, 56S, EV 69.4 MPH)
Pat Adams scores
Batting: RHB Mike Kaczor 0-0: Foul Ball, location: 2F
0-1: Ball
1-1: Called Strike
1-2: Fly out, F9 (Flyball, 9LM, EV 85.6 MPH)
Bottom of the 2nd over - 1 run, 1 hit, 0 errors, 0 left on base; Amarillo 0 - Tijuana 1
TOP OF THE 3RD
Amarillo ThunderHeads batting - Pitching for Tijuana Toros : RHP Andrew Telles
Batting: RHB Ron Squires 0-0: Ball
1-0: Called Strike
1-1: SINGLE (Line Drive, 89S, EV 94.4 MPH)
Batting: SHB Tyler Romo 0-0: Ball
1-0: Ball
Ron Squires steals 2nd base
2-0: TRIPLE (Flyball, 89XD, EV 111.9 MPH)
Ron Squires scores
Batting: SHB Tim Rogers 0-0: Ball
1-0: Ball
2-0: Called Strike
2-1: Foul Ball, location: 2F
2-2: Ball
3-2: Ground out 6-3 (Groundball, 6MS, EV 71.2 MPH)
Tyler Romo scores
Batting: SHB Zack Barton 0-0: Called Strike
0-1: Ball
1-1: Fly out, F9 (Flyball, 89M, EV 78.1 MPH)
Batting: RHB Nick Solberg 0-0: Called Strike
0-1: Called Strike
0-2: Ball
1-2: Foul Ball, location: 2F
1-2: TRIPLE (Line Drive, 78XD, EV 106.9 MPH)
Batting: RHB Salvatore Zamora 0-0: Called Strike
0-1: DOUBLE (Line Drive, 8LD, EV 105.6 MPH)
Nick Solberg scores
Batting: RHB Luis Reyna 0-0: Ground out 4-3 (Groundball, 4, EV 103.1 MPH)
Top of the 3rd over - 3 runs, 4 hits, 0 errors, 1 left on base; Amarillo 3 - Tijuana 1
BOTTOM OF THE 3RD
Tijuana Toros batting - Pitching for Amarillo ThunderHeads : RHP Ferdi Schipper
Batting: RHB Will Barksdale 0-0: Fly out, F9 (Flyball, 9LS, EV 94.4 MPH)
Batting: RHB Ruben Irizarry 0-0: Ball
1-0: Called Strike
1-1: Foul Ball, location: 2F
1-2: Strikes out looking
Batting: RHB Theo Schepers 0-0: Called Strike
0-1: Called Strike
0-2: Strikes out swinging
Bottom of the 3rd over - 0 runs, 0 hits, 0 errors, 0 left on base; Amarillo 3 - Tijuana 1
TOP OF THE 4TH
Amarillo ThunderHeads batting - Pitching for Tijuana Toros : RHP Andrew Telles
Batting: RHB Sal Cervantes 0-0: Called Strike
0-1: Ball
1-1: Called Strike
1-2: Ground out 4-3 (Groundball, 34, EV 109.4 MPH)
Batting: RHB Luis Solorzano 0-0: Called Strike
0-1: Fly out, F6 (Flyball, 56D, EV 85.0 MPH)
Batting: RHB Ron Squires 0-0: Ground out U3 (Groundball, 3, EV 86.2 MPH)
Top of the 4th over - 0 runs, 0 hits, 0 errors, 0 left on base; Amarillo 3 - Tijuana 1
BOTTOM OF THE 4TH
Tijuana Toros batting - Pitching for Amarillo ThunderHeads : RHP Ferdi Schipper
Batting: LHB Steve Pond 0-0: Ball
1-0: Ball
2-0: Ball
3-0: Base on Balls
Batting: RHB Chad Rojas 0-0: Ball
1-0: Ball
2-0: Foul Ball, location: 2F
2-1: Ball
Wild Pitch!
Steve Pond to second
3-1: Ground out 6-3 (Groundball, 56, EV 80.6 MPH)
Batting: LHB Nate Kee 0-0: Swinging Strike
0-1: Ball
1-1: Ball
2-1: Swinging Strike
2-2: Ground out U3 (Groundball, 3L, EV 88.8 MPH)
Steve Pond to third
Batting: RHB Pat Adams 0-0: Called Strike
0-1: Ball
1-1: Ground out 5-3 (Groundball, 5, EV 86.9 MPH)
Bottom of the 4th over - 0 runs, 0 hits, 0 errors, 1 left on base; Amarillo 3 - Tijuana 1
TOP OF THE 5TH
Amarillo ThunderHeads batting - Pitching for Tijuana Toros : RHP Andrew Telles
Batting: SHB Tyler Romo 0-0: Fly out, F7 (Line Drive, 7, EV 96.9 MPH)
Batting: SHB Tim Rogers 0-0: TRIPLE (Flyball, 78XD, EV 98.1 MPH)
Batting: SHB Zack Barton 0-0: Ground out U3 (Groundball, 34, EV 80.0 MPH)
Tim Rogers scores
Batting: RHB Nick Solberg 0-0: Foul Ball, location: 2F
0-1: Ball
1-1: Fly out, F9 (Flyball, 9LD, EV 76.2 MPH)
Top of the 5th over - 1 run, 1 hit, 0 errors, 0 left on base; Amarillo 4 - Tijuana 1
BOTTOM OF THE 5TH
Tijuana Toros batting - Pitching for Amarillo ThunderHeads : RHP Ferdi Schipper
Batting: RHB David Watkins 0-0: Ball
1-0: Called Strike
1-1: Ball
2-1: Ball
3-1: Swinging Strike
3-2: Strikes out swinging
Batting: RHB Mike Kaczor 0-0: Foul Ball, location: 2F
0-1: Ball
1-1: Foul Ball, location: 2F
1-2: Ball
2-2: Ball
3-2: Strikes out swinging
Batting: RHB Will Barksdale 0-0: Foul Ball, location: 2F
0-1: Ball
1-1: Ball
2-1: Fly out, F7 (Flyball, 7, EV 88.1 MPH)
Bottom of the 5th over - 0 runs, 0 hits, 0 errors, 0 left on base; Amarillo 4 - Tijuana 1
TOP OF THE 6TH
Amarillo ThunderHeads batting - Pitching for Tijuana Toros : RHP Andrew Telles
Batting: RHB Salvatore Zamora 0-0: Ball
1-0: Ball
2-0: Swinging Strike
2-1: Ball
3-1: Foul Ball, location: 2F
3-2: SINGLE (Groundball, 4MD, EV 101.2 MPH)
Batting: RHB Luis Reyna 0-0: Ball
1-0: SINGLE (Groundball, 4MD, EV 94.4 MPH)
Salvatore Zamora to second
Batting: RHB Sal Cervantes 0-0: Grounds into double play, 5-4-3 (Groundball, 56, EV 84.4 MPH)
Salvatore Zamora to third
Batting: RHB Luis Solorzano 0-0: Called Strike
0-1: Ball
1-1: Foul Ball, location: 2F
1-2: Strikes out swinging
Top of the 6th over - 0 runs, 2 hits, 0 errors, 1 left on base; Amarillo 4 - Tijuana 1
BOTTOM OF THE 6TH
Tijuana Toros batting - Pitching for Amarillo ThunderHeads : RHP Ferdi Schipper
Batting: RHB Ruben Irizarry 0-0: Called Strike
0-1: Foul Ball, location: 2F
0-2: Ball
1-2: Foul Ball, location: 2F
1-2: Strikes out looking
Batting: RHB Theo Schepers 0-0: Ball
1-0: Called Strike
1-1: Ball
2-1: Foul Ball, location: 2F
2-2: Ball
3-2: Strikes out looking
Batting: LHB Steve Pond 0-0: Hit by Pitch
Batting: RHB Chad Rojas 0-0: Called Strike
0-1: Ball
1-1: Ball
Wild Pitch!
Steve Pond to second
2-1: Ground out 4-3 (Groundball, 4, EV 89.4 MPH)
Bottom of the 6th over - 0 runs, 0 hits, 0 errors, 1 left on base; Amarillo 4 - Tijuana 1
TOP OF THE 7TH
Amarillo ThunderHeads batting - Pitching for Tijuana Toros : RHP Andrew Telles
Pitching: RHP Balinda Msrah
Batting: RHB Ron Squires 0-0: Called Strike
0-1: Ball
1-1: Swinging Strike
1-2: Ball
2-2: Strikes out swinging
Batting: SHB Tyler Romo 0-0: Ball
1-0: Foul Ball, location: 2F
1-1: Fly out, F6 (Line Drive, 6, EV 72.5 MPH)
Batting: SHB Tim Rogers 0-0: Ball
1-0: Foul Ball, location: 2F
1-1: Swinging Strike
1-2: Strikes out swinging
Top of the 7th over - 0 runs, 0 hits, 0 errors, 0 left on base; Amarillo 4 - Tijuana 1
BOTTOM OF THE 7TH
Tijuana Toros batting - Pitching for Amarillo ThunderHeads : RHP Ferdi Schipper
Batting: LHB Nate Kee 0-0: Swinging Strike
0-1: Called Strike
0-2: Foul Ball, location: 2F
0-2: Foul Ball, location: 2F
0-2: Ball
1-2: Strikes out swinging
Batting: RHB Pat Adams 0-0: Called Strike
0-1: Foul Ball, location: 2F
0-2: Fly out, F9 (Flyball, 89D, EV 106.2 MPH)
Batting: RHB David Watkins 0-0: Foul Ball, location: 2F
0-1: Ball
1-1: Ground out 4-3 (Groundball, 4, EV 83.8 MPH)
Bottom of the 7th over - 0 runs, 0 hits, 0 errors, 0 left on base; Amarillo 4 - Tijuana 1
TOP OF THE 8TH
Amarillo ThunderHeads batting - Pitching for Tijuana Toros : RHP Balinda Msrah
Batting: SHB Zack Barton 0-0: SINGLE (Groundball, 56S, EV 70.0 MPH) (infield hit)
Batting: RHB Nick Solberg 0-0: Ball
Zack Barton is caught stealing 2nd base 2-4
1-0: Ball
2-0: DOUBLE (Line Drive, 89D, EV 105.6 MPH)
Batting: RHB Salvatore Zamora 0-0: Intentional Walk
Batting: RHB Luis Reyna 0-0: Ball
1-0: Fly out, F9 (Flyball, 9S, EV 80.6 MPH)
Batting: RHB Sal Cervantes 0-0: Ball
1-0: Swinging Strike
1-1: Ball
2-1: Called Strike
2-2: Strikes out swinging
Top of the 8th over - 0 runs, 2 hits, 0 errors, 2 left on base; Amarillo 4 - Tijuana 1
BOTTOM OF THE 8TH
Tijuana Toros batting - Pitching for Amarillo ThunderHeads : RHP Ferdi Schipper
Batting: RHB Mike Kaczor 0-0: Ball
1-0: Called Strike
1-1: Ball
2-1: Fly out, F8 (Flyball, 8LM, EV 98.8 MPH)
Pitching: LHP Alex Boites
Batting: RHB Will Barksdale 0-0: Ball
1-0: Swinging Strike
1-1: Ball
2-1: Fly out, F6 (Flyball, 6MD, EV 85.6 MPH)
Batting: RHB Ruben Irizarry 0-0: Ball
1-0: Called Strike
1-1: SINGLE (Groundball, 56D, EV 96.2 MPH)
Batting: RHB Theo Schepers 0-0: Ball
1-0: Ball
2-0: Ball
Wild Pitch!
Ruben Irizarry to second
3-0: Base on Balls
Batting: LHB Steve Pond 0-0: Called Strike
0-1: Ball
1-1: Ground out U3 (Groundball, 3L, EV 85.6 MPH)
Bottom of the 8th over - 0 runs, 1 hit, 0 errors, 2 left on base; Amarillo 4 - Tijuana 1
TOP OF THE 9TH
Amarillo ThunderHeads batting - Pitching for Tijuana Toros : RHP Balinda Msrah
Pitching: RHP Alfredo Sanchez
Batting: RHB Luis Solorzano 0-0: Ball
1-0: Reached on error, E6 (Groundball, 6D, EV 105.6 MPH)
Batting: RHB Ron Squires 0-0: Ball
1-0: Called Strike
1-1: Ball
2-1: Foul Ball, location: 2F
2-2: Foul Ball, location: 2F
2-2: Fly out, F9 (Line Drive, 9, EV 95.0 MPH)
Batting: SHB Tyler Romo 0-0: Ball
1-0: Swinging Strike
1-1: Foul Ball, location: 2F
1-2: Ball
2-2: Strikes out swinging
Batting: SHB Tim Rogers 0-0: Ball
Luis Solorzano is caught stealing 2nd base 2-6
Top of the 9th over - 0 runs, 0 hits, 1 error, 0 left on base; Amarillo 4 - Tijuana 1
BOTTOM OF THE 9TH
Tijuana Toros batting - Pitching for Amarillo ThunderHeads : LHP Alex Boites
Pitching: RHP Mike Osgood
Batting: RHB Chad Rojas 0-0: Ball
1-0: Called Strike
1-1: TRIPLE (Flyball, 7LD, EV 87.5 MPH)
Batting: LHB Nate Kee 0-0: Foul Ball, location: 2F
0-1: Called Strike
0-2: Ball
1-2: Foul Ball, location: 2F
1-2: 2-RUN HOME RUN (Flyball, 9LD, EV 94.4 MPH), Distance : 333 ft
Batting: RHB Pat Adams 0-0: Ground out 6-3 (Groundball, 56, EV 91.2 MPH)
Batting: RHB David Watkins 0-0: Ball
1-0: Called Strike
1-1: Ball
2-1: Swinging Strike
2-2: Fly out, F9 (Flyball, 9, EV 81.9 MPH)
Pinch Hitting: LHB Mesfin Azagba 0-0: Ground out 5-3 (Groundball, 5, EV 83.8 MPH)
Bottom of the 9th over - 2 runs, 2 hits, 0 errors, 0 left on base; Amarillo 4 - Tijuana 3
Thursday, March 31st , 2022 - OOTP Baseball 22.12 Build 89